 Dungeon Crawl Stone Soup version 0.22-a0-293-gc9362ec4a2 (webtiles) character file.

223880 Infinimo the Minotaur Blade (level 18, -1/253 HPs)
             Began as a Minotaur Berserker on Mar 24, 2018.
             Was the Champion of Trog.
             Killed from afar by a thorn hunter (22 damage)
             ... with a volley of thorns
             ... on level 4 of the Swamp.
             The game lasted 00:59:07 (40662 turns).

Infinimo the Minotaur Blade (Minotaur Berserker)   Turns: 40662, Time: 00:59:08

Health: -1/253     AC: 34    Str: 27 (28) XL:     18   Next: 57%
Magic:  17/17      EV: 13    Int:  6      God:    Trog [******]
Gold:   2418       SH: 21    Dex: 15      Spells: 17/17 levels left

rFire    + + .     SeeInvis .   J - +9 double sword (elec)
rCold    + . .     Gourm    .   o - +1 shield {AC+3}
rNeg     . . .     Faith    .   M - +8 plate armour {rF+}
rPois    .         Spirit   .   a - +1 hat {MR+}
rElec    .         Reflect  +   (no cloak)
rCorr    .         Harm     .   m - +0 pair of gloves
MR       ++...                  v - +0 pair of boots
Stlth    ..........             w - +6 amulet of reflection
HPRegen  0.52/turn              y - ring of protection from cold
MPRegen  0.15/turn              A - ring of protection from fire

@: berserking, lethally poisoned (-1 -> -35), very quick
A: retaliatory headbutt, hooves 1, horns 2, slimy green scales 1, deterioration
1
}: 1/15 runes: gossamer
a: Berserk, Trog's Hand, Brothers in Arms, Renounce Religion


You were on level 4 of the Swamp.
You worshipped Trog.
Trog was exalted by your worship.
You were very hungry.

You visited 5 branches of the dungeon, and saw 31 of its levels.
You also visited: Sewer.

You collected 2508 gold pieces.
You spent 90 gold pieces at shops.

Inventory:

Hand Weapons
 J - a +9 double sword of electrocution (weapon)
Armour
 a - a +1 hat of magic resistance (worn)
 m - a +0 pair of gloves (worn)
 o - a +1 shield of protection (worn)
 v - a +0 pair of boots (worn)
 M - a +8 plate armour of fire resistance (worn)
 O - a +0 crystal plate armour
Jewellery
 n - an uncursed ring of positive energy
 q - an uncursed ring of resist corrosion
 w - a +6 amulet of reflection (around neck)
 y - a ring of protection from cold (left hand)
 A - a ring of protection from fire (right hand)
 B - an uncursed ring of flight
 L - an uncursed ring of ice {unknown}
 Q - an uncursed amulet of harm {unknown}
 S - an uncursed amulet of regeneration {unknown}
Wands
 s - a wand of digging (29)
 F - a wand of disintegration (7)
 P - a wand of scattershot (2)
Scrolls
 e - 8 scrolls of identify
 f - 10 scrolls of teleportation
 t - 3 scrolls of enchant weapon
 u - 4 scrolls of fog
 x - 9 scrolls of remove curse
 D - 7 scrolls of fear
 E - 5 scrolls of magic mapping
 I - 2 scrolls of blinking
 N - 3 scrolls of enchant armour
Potions
 b - a potion of invisibility
 d - a potion of resistance {unknown}
 g - 4 potions of agility
 h - 6 potions of brilliance
 i - 2 potions of berserk rage
 j - 6 potions of ambrosia
 k - 3 potions of curing
 l - 2 potions of haste
 p - 5 potions of heal wounds
 r - 6 potions of flight
 z - 10 potions of cancellation
 G - 2 potions of might
 H - 2 potions of magic
 K - a potion of lignification
Miscellaneous
 C - a phantom mirror
Comestibles
 c - 40 rations


   Skills:
 - Level 17.1 Fighting
 * Level 26.5 Long Blades
 - Level 14.8 Armour
 - Level 9.1 Dodging
 + Level 12.5 Shields


You had 17 spell levels left.
You didn't know any spells.

Dungeon Overview and Level Annotations

Branches:
Dungeon (15/15)            Temple (0/1) D:4            Lair (6/6) D:10
  Swamp (4/4) Lair:3       Spider (4/4) Lair:4        Slime (0/5) Lair:6
    Orc (2/2) D:11            Elf (0/3) Orc:2        Vaults (0/5) D:13
 Depths (0/5) D:15

Altars:
Ashenzari
Cheibriados
Dithmenos
Okawaru
Qazlal
Sif Muna
Trog
Uskayaw
Vehumet
Wu Jian
Xom
Yredelemnul
The Shining One
Beogh
Jiyva

Shops:
Orc:2 ****

Portals:
Trove: D:15 (give 3 potions of resistance)


Innate Abilities, Weirdness & Mutations

You reflexively headbutt those who attack you in melee.
You have a pair of horns on your head.
You have large cloven feet.
You are partially covered in slimy green scales. (AC +2)
Your body sometimes deteriorates upon taking damage.


Message History

Your body deteriorates!
You feel weakened.
You hear a roar! 2 swamp drakes come into view.
You lop one of the five-headed hydra's heads off!
The four-headed hydra grows two more!
You kill the six-headed hydra!
Trog accepts your kill.
* * * LOW HITPOINT WARNING * * *
You feel sick.
You hear a deafening roar!
You hear a roar! x2
You block the swamp dragon's attack. x2
You hear a roar!
You hear a shout! x2
Lightning courses through the swamp dragon!
The swamp dragon is heavily wounded.
* * * LOW HITPOINT WARNING * * *
You feel sick.
You hear a roar!
The thorn hunter fires a volley of thorns at you.
The volley of thorns hits you!
You die...

#.≈.# #...##
#≈.♣≈≈##
#≈.♣≈♣≈k##
#..#####§.##
#.≈# ##≈≈##
..# ##)≈# ..
#≈.# #@f#
#)≈D≈..#
#..k♣###
..≈## k.≈##
####


You could see a thorn hunter, a swamp dragon and 3 swamp drakes.

Vanquished Creatures
  Bai Suzhen (Spider:3)
  Arachne (Spider:3)
  Rupert (Orc:2)
  Frances (D:14)
  Gastronok (D:11)
  2 thorn hunters (Swamp:3)
  Kirke (Spider:4)
  Aizul (Swamp:4)
  7 emperor scorpions
  Louise (Spider:4)
  An orc warlord (Orc:2)
  5 ghost moths
  An entropy weaver (Lair:4)
  Azrael (Orc:2)
  Nessos (Orc:2)
  Josephine (D:13)
  Erolcha (D:12)
  19 hydras
  2 ice dragons (D:15)
  A catoblepas (D:14)
  9 centaur warriors
  A ghost crab (Swamp:3)
  2 dancing weapons (D:13)
  A tengu warrior (D:14)
  Erica (D:11)
  16 two-headed ogres
  6 death yaks
  6 alligators
  A death knight (D:13)
  Sonja (Lair:2)
  A spriggan berserker (Swamp:4)
  4 orc high priests (Orc:2)
  9 spriggans
  Nergalle (D:11)
  The ghost of Infinimo the Spear-Bearer, a novice MfGl of Makhleb (D:6)
  A skeletal warrior (D:13)
  The ghost of feamirim the Martial Artist, a novice DsFi (D:7)
  A spriggan druid (Swamp:2)
  2 unseen horrors
  8 swamp dragons
  A wizard (D:14)
  A phantasmal warrior (D:13)
  4 shambling mangroves
  4 orc knights
  2 deep elf magi
  12 ugly things
  19 orb spiders
  3 orc sorcerers (Orc:2)
  5 cyclopes
  2 manticores
  25 wolf spiders
  2 moths of wrath (Spider:3)
  4 elephants (Lair:6)
  Maurice (Orc:2)
  A torpor snail (Spider:4)
  7 black mambas
  Psyche (D:9)
  3 centaur zombies
  A gargoyle (D:12)
  2 freezing wraiths (D:13)
  32 spiny frogs
  4 rime drakes
  2 kobold demonologists (D:11)
  2 efreet
  8 demonic crawlers
  2 ice devils (Lair:6)
  7 komodo dragons
  4 yaktaurs (D:12)
  2 tengu conjurers (D:15)
  10 trolls
  30 jumping spiders
  A harpy skeleton (D:14)
  3 meliai (D:13)
  11 tyrant leeches
  A blink frog (shapeshifter) (D:13)
  21 hornets
  35 blink frogs
  A raiju (shapeshifter) (D:14)
  6 bog bodies
  13 slime creatures
  19 hippogriffs
  A meliai zombie (D:14)
  A vampire (D:13)
  6 wraiths
  Sigmund (D:2)
  80 redbacks
  28 tarantellas
  A hog (Spider:4)
  A wyvern (shapeshifter) (D:14)
  2 wyverns
  3 shadows
  4 basilisks
  49 yaks
  A steam dragon (Lair:5)
  4 fire elementals (Orc:2)
  Menkaure (D:7)
  31 vampire mosquitoes
  12 insubstantial wisps
  27 swamp worms
  3 soldier ants
  4 acid dragons
  4 wargs (Orc:2)
  8 water moccasins
  A hell hound (Orc:2)
  8 swamp drakes
  9 porcupines
  46 orc warriors
  2 sky beasts (D:11)
  An eye of draining (D:9)
  4 ice beasts
  22 ogres
  A black bear (D:8)
  6 phantoms
  2 centaurs
  3 boggarts (D:14)
  13 wolves
  A necrophage (D:6)
  17 crocodiles
  3 big kobolds
  31 bullfrogs
  A water moccasin zombie (D:5)
  2 wyvern skeletons
  3 scorpions
  A water moccasin skeleton (D:4)
  80 killer bees
  6 wights
  3 electric eels
  4 howler monkeys
  6 crimson imps
  5 bullfrog zombies
  6 hounds
  2 jellies
  27 orc priests
  34 orc wizards
  5 iguanas
  A bullfrog skeleton (D:11)
  4 centaur skeletons
  A hell rat (D:13)
  Ijyb (D:5)
  13 worker ants
  A killer bee zombie (D:5)
  A hound zombie (D:6)
  A hound skeleton (D:8)
  A howler monkey zombie (D:10)
  5 gnolls
  21 adders
  2 river rats (D:6)
  10 shadow imps
  2 adder zombies (D:5)
  2 adder skeletons (D:4)
  9 worms
  2 dart slugs
  3 leopard geckos
  94 orcs
  10 bats
  5 giant cockroaches
  7 goblins
  8 hobgoblins
  12 jackals
  3 quokkas
  6 ball pythons
  A ball python skeleton (D:5)
  11 frilled lizards
  22 kobolds
  A quokka skeleton (D:7)
  4 rats
  A briar patch (Swamp:3)
  A plant (Lair:4)
1330 creatures vanquished.

Vanquished Creatures (others)
  An orb spider (Spider:4)
  5 humans (Spider:4)
  A boggart (D:14)
  A bullfrog (D:15)
  A kobold (D:11)
  A bush (Lair:5)
  29 fungi
  29 plants
68 creatures vanquished.

Grand Total: 1398 creatures vanquished

Notes
Turn   | Place    | Note
-------+----------+-------------------------------------------
     0 | D:1      | Infinimo the Minotaur Berserker began the quest for the Orb.
     0 | D:1      | Reached XP level 1. HP: 19/19 MP: 0/0
   222 | D:1      | Reached skill level 4 in Long Blades
   275 | D:1      | Reached XP level 2. HP: 27/27 MP: 1/1
   779 | D:1      | Reached XP level 3. HP: 33/33 MP: 2/2
  1115 | D:2      | Noticed Sigmund
  1126 | D:2      | Killed Sigmund
  1126 | D:2      | Reached ** piety under Trog
  1126 | D:2      | Reached skill level 6 in Long Blades
  1126 | D:2      | Reached XP level 4. HP: 25/41 MP: 3/3
  1126 | D:2      | Reached XP level 5. HP: 28/47 MP: 4/4
  1440 | D:3      | Found a stormy altar of Qazlal.
  1495 | D:3      | Found a hide-covered altar of Uskayaw.
  2018 | D:4      | Reached skill level 5 in Fighting
  2028 | D:4      | Reached XP level 6. HP: 48/56 MP: 5/5
  2619 | D:4      | Noticed a hippogriff
  2623 | D:4      | Reached skill level 7 in Long Blades
  2629 | D:4      | Killed a hippogriff
  2629 | D:4      | Reached skill level 5 in Armour
  2629 | D:4      | Reached XP level 7. HP: 35/62 MP: 6/6
  2891 | D:4      | Found a staircase to the Ecumenical Temple.
  2949 | D:4      | Found a shimmering altar of Xom.
  3019 | D:4      | Reached skill level 8 in Long Blades
  3666 | D:5      | Entered Level 5 of the Dungeon
  3861 | D:5      | Reached XP level 8. HP: 61/71 MP: 7/7
  3996 | D:5      | Reached skill level 9 in Long Blades
  4180 | D:5      | Reached *** piety under Trog
  4633 | D:5      | Found a deep blue altar of Sif Muna.
  4700 | D:5      | Noticed Ijyb
  4709 | D:5      | Killed Ijyb
  5061 | D:5      | Found a bloodstained altar of Trog.
  5061 | D:5      | Found a faded altar of an unknown god.
  5066 | D:5      | Found a faded altar of an unknown god.
  5068 | D:5      | Found a basalt altar of Yredelemnul.
  5072 | D:5      | Found a radiant altar of Vehumet.
  5230 | D:6      | Found a glowing golden altar of the Shining One.
  5385 | D:6      | Reached skill level 10 in Long Blades
  5690 | D:6      | Noticed Infinimo's ghost (novice MfGl)
  5717 | D:6      | Killed Infinimo's ghost
  5717 | D:6      | Reached skill level 11 in Long Blades
  5717 | D:6      | Reached XP level 9. HP: 34/81 MP: 8/8
  5919 | D:6      | Found a glowing drain.
  5935 | Sewer    | Entered a sewer
  5982 | Sewer    | Reached **** piety under Trog
  7156 | D:7      | Reached skill level 12 in Long Blades
  7175 | D:7      | Reached XP level 10. HP: 75/91 MP: 9/9
  7207 | D:7      | Noticed Menkaure
  7216 | D:7      | Killed Menkaure
  7481 | D:7      | Noticed feamirim's ghost (novice DsFi)
  7493 | D:7      | Killed feamirim's ghost
  7945 | D:8      | Found a shattered altar of Ashenzari.
  7952 | D:8      | Found a snail-covered altar of Cheibriados.
  8011 | D:8      | Noticed a two-headed ogre
  8019 | D:8      | Killed a two-headed ogre
  8019 | D:8      | Reached skill level 10 in Fighting
  8019 | D:8      | Reached skill level 13 in Long Blades
  8986 | D:8      | Reached skill level 10 in Armour
  9362 | D:9      | Noticed Psyche
  9369 | D:9      | Killed Psyche
  9369 | D:9      | Reached skill level 14 in Long Blades
  9458 | D:9      | Noticed a two-headed ogre
  9467 | D:9      | Killed a two-headed ogre
  9467 | D:9      | Reached XP level 11. HP: 101/101 MP: 10/10
  9556 | D:9      | Noticed a two-headed ogre
  9561 | D:9      | Killed a two-headed ogre
  9809 | D:9      | Found an iron altar of Okawaru.
  9816 | D:9      | Reached ***** piety under Trog
  9937 | D:9      | Received a gift from Trog
  9964 | D:9      | Found a shimmering altar of Xom.
  9965 | D:9      | Found a shimmering altar of Xom.
  9966 | D:9      | Found a shimmering altar of Xom.
 10027 | D:9      | You fall through a shaft for 2 floors!
 10028 | D:11     | Noticed Erica
 10054 | D:11     | Killed Erica
 10212 | D:11     | Noticed Gastronok
 10221 | D:11     | Killed Gastronok
 10221 | D:11     | Reached skill level 15 in Long Blades
 10278 | D:11     | Noticed a white ugly thing
 10304 | D:11     | Killed a white ugly thing
 10546 | D:11     | Noticed a two-headed ogre
 10552 | D:11     | Killed a two-headed ogre
 10552 | D:11     | Received a gift from Trog
 10609 | D:11     | Noticed a soul eater
 10663 | D:11     | Gained mutation: Your body sometimes deteriorates upon taking damage. [a neqoxec]
 10682 | D:10     | Entered Level 10 of the Dungeon
 10693 | D:10     | Noticed a death yak
 11423 | D:10     | Reached XP level 12. HP: 106/112 MP: 11/11
 11436 | D:10     | Reached skill level 16 in Long Blades
 11603 | D:10     | Noticed a death yak
 11603 | D:10     | Found a staircase to the Lair.
 11603 | D:10     | Noticed a death yak
 11620 | D:10     | Killed a death yak
 11625 | D:10     | Killed a death yak
 11629 | D:10     | Killed a death yak
 12083 | Lair:1   | Entered Level 1 of the Lair of Beasts
 13088 | Lair:2   | Reached skill level 17 in Long Blades
 13301 | Lair:2   | Received a gift from Trog
 13327 | Lair:2   | Noticed Sonja
 13846 | Lair:2   | Killed Sonja
 14367 | Lair:3   | Paralysed by a hornet for 1 turns
 14728 | Lair:3   | Reached XP level 13. HP: 106/122 MP: 12/12
 15404 | Lair:3   | Found a staircase to the Swamp.
 15796 | Lair:4   | Reached skill level 18 in Long Blades
 16378 | Lair:4   | Found a hole to the Spider Nest.
 18679 | Lair:6   | Entered Level 6 of the Lair of Beasts
 18719 | Lair:6   | Reached skill level 19 in Long Blades
 18755 | Lair:6   | Received a gift from Trog
 19873 | Lair:6   | Found an ornate altar of the Wu Jian Council.
 19881 | Lair:6   | Reached XP level 14. HP: 133/133 MP: 13/13
 20763 | Lair:6   | Reached skill level 15 in Fighting
 20812 | Lair:6   | Received a gift from Trog
 20912 | Lair:6   | Found a viscous altar of Jiyva.
 20912 | Lair:6   | Found a staircase to the Slime Pits.
 21126 | Lair:6   | Reached skill level 20 in Long Blades
 21918 | D:11     | Noticed Nergalle
 21926 | D:11     | Killed Nergalle
 22621 | D:11     | Found a staircase to the Orcish Mines.
 22845 | Orc:1    | Entered Level 1 of the Orcish Mines
 22989 | Orc:1    | Reached ****** piety under Trog
 23141 | Orc:2    | Entered Level 2 of the Orcish Mines
 23144 | Orc:2    | Received a gift from Trog
 23213 | Orc:2    | Noticed Azrael
 23219 | Orc:2    | Noticed Nessos
 23225 | Orc:2    | Killed Nessos
 23236 | Orc:2    | Killed Azrael
 23538 | Orc:2    | Lost mutation: Your body sometimes deteriorates upon taking damage. [potion of mutation]
 23538 | Orc:2    | Gained mutation: Your body sometimes deteriorates upon taking damage. [potion of mutation]
 23538 | Orc:2    | Gained mutation: You have large cloven feet. [potion of mutation]
 23538 | Orc:2    | Gained mutation: You are partially covered in slimy green scales. (AC +2) [potion of mutation]
 23605 | Orc:2    | Noticed Rupert
 23617 | Orc:2    | Killed Rupert
 23617 | Orc:2    | Reached skill level 5 in Dodging
 23892 | Orc:2    | Reached XP level 15. HP: 125/143 MP: 14/14
 23929 | Orc:2    | Found a staircase to the Elven Halls.
 24036 | Orc:2    | Received a gift from Trog
 24218 | Orc:2    | Found a roughly hewn altar of Beogh.
 24222 | Orc:2    | Noticed an orc warlord
 24232 | Orc:2    | Killed an orc warlord
 24232 | Orc:2    | Reached skill level 21 in Long Blades
 24252 | Orc:2    | Noticed Maurice
 24257 | Orc:2    | Killed Maurice
 24270 | Orc:2    | Found Coizeiwe's Assorted Antiques.
 24348 | Orc:2    | Found Qadatudd's General Store.
 24827 | Orc:2    | Found a roughly hewn altar of Beogh.
 24865 | Orc:2    | Found Baor's General Store.
 24887 | Orc:2    | Bought a scroll of enchant armour for 90 gold pieces
 24893 | Orc:2    | Found Ivocres's General Store.
 24972 | Orc:2    | Received a gift from Trog
 25524 | D:12     | Noticed Erolcha
 25533 | D:12     | Killed Erolcha
 26750 | D:13     | Found a gate to the Vaults.
 26753 | D:13     | Found a shattered altar of Ashenzari.
 26756 | D:13     | Noticed Josephine
 26775 | D:13     | Received a gift from Trog
 26780 | D:13     | Killed Josephine
 26937 | D:13     | Found a shadowy altar of Dithmenos.
 27659 | D:13     | Received a gift from Trog
 28022 | D:13     | Reached skill level 22 in Long Blades
 28285 | D:14     | Reached XP level 16. HP: 154/154 MP: 15/15
 28504 | D:14     | Noticed Frances
 28520 | D:14     | Killed Frances
 29272 | D:14     | Received a gift from Trog
 29333 | D:15     | Entered Level 15 of the Dungeon
 29381 | D:15     | Reached skill level 1 in Shields
 29496 | D:15     | Found a portal to a secret trove of treasure.
 30100 | D:15     | Reached skill level 23 in Long Blades
 30101 | D:15     | Found a staircase to the Depths.
 30354 | Spider:1 | Entered Level 1 of the Spider Nest
 30957 | Spider:1 | Reached skill level 5 in Shields
 31065 | Spider:1 | Received a gift from Trog
 32160 | Spider:2 | Received a gift from Trog
 32168 | Spider:2 | Got an ichor-stained scimitar {god gift}
 32169 | Spider:2 | Identified the +3 scimitar "Girepew" {drain, Str+2 Dex+4} (Trog gifted it to you on level 2 of the Spider Nest)
 33180 | Spider:3 | Reached XP level 17. HP: 155/161 MP: 16/16
 33223 | Spider:3 | Reached skill level 24 in Long Blades
 33982 | Spider:4 | Entered Level 4 of the Spider Nest
 34009 | Spider:4 | Noticed Arachne
 34034 | Spider:4 | Received a gift from Trog
 34079 | Spider:3 | Killed Arachne
 34609 | Spider:4 | Noticed Bai Suzhen
 34636 | Spider:3 | Killed Bai Suzhen
 35117 | Spider:4 | Noticed Kirke
 35126 | Spider:4 | Killed Kirke
 35349 | Spider:4 | Reached skill level 25 in Long Blades
 35360 | Spider:4 | Received a gift from Trog
 35365 | Spider:4 | Got a scorched triple sword {god gift}
 35366 | Spider:4 | Identified the +3 triple sword of Vodka {freeze, Dex+3} (Trog gifted it to you on level 4 of the Spider Nest)
 35389 | Spider:4 | Reached skill level 10 in Shields
 35862 | Spider:4 | Noticed Louise
 35877 | Spider:4 | Killed Louise
 36353 | Spider:4 | Got a gossamer rune of Zot
 36512 | Swamp:1  | Entered Level 1 of the Swamp
 36548 | Swamp:1  | Paralysed by a hornet for 2 turns
 37178 | Swamp:1  | Reached XP level 18. HP: 111/169 MP: 17/17
 38526 | Swamp:2  | Received a gift from Trog
 39164 | Swamp:3  | Reached skill level 26 in Long Blades
 39893 | Swamp:4  | Entered Level 4 of the Swamp
 39903 | Swamp:4  | Noticed Aizul
 40133 | Swamp:4  | Killed Aizul
 40300 | Swamp:4  | Received a gift from Trog
 40662 | Swamp:4  | Killed from afar by a thorn hunter

Vault maps used:
D:1:      mainiacjoe_arrival_reflecting_pool, minmay_heptomino_o4
D:2:      small_statue_intersection, uniq_sigmund
D:3:      lemuel_round_altar, eat_drink_and_be_merry_uskayaw, first_ration
D:4:      kennysheep_big_flooded_room, nicolae_overflow_crystal_walls,
          temple_fountains
D:5:      chequers_temple_overflow_minitemple, led_sif_pool, uniq_ijyb
D:6:      lemuel_doored_altar, portal_sewer_entry_a
D:7:      uniq_menkaure
D:8:      ashenzari_conservatory_becter, cheibriados_altar_1
D:9:      okawaru_altar_gauntlet_db, grunt_ogre_cave, xom_redecorated,
          uniq_psyche
D:10:     dpeg_lair_monsters, hangedman_decor_lopped
D:11:     erik_orc_2, minmay_checkerbox, uniq_nergalle, uniq_gastronok,
          uniq_erica
D:12:     uniq_erolcha
D:13:     wad_woods_minihive, erik_vaults_1, basic_altar,
          nicolae_dithmenos_shadow_blocks, uniq_josephine
D:14:     fountainhead, minmay_misc_feat_iff, uniq_frances
D:15:     grunt_enter_depths_hoard, enter_trove_2, serial_park_tiny_2
Lair:1:   infiniplex_staircase_pool_2, grunt_megastairs_1
Lair:2:   serial_bayou_shore_b, uniq_sonja
Lair:3:   minmay_lair_venomous_thicket, swamp_mist_pool, lemuel_fruit_tree
Lair:4:   spider_nest_entry_a, beast_lair_carwin_11
Lair:5:   guppyfry_lair_drakes, grunt_megastairs_2
Lair:6:   minmay_lair_end_frog_pond, slime_altar_1, basic_altar,
          portal_ice_cave_demonic_guard
Swamp:1:  nicolae_swamp_round_clearing, swamp_pool5, hangedman_swamp_lotus,
          infiniplex_staircase_pool
Swamp:2:  nicolae_swamp_triple_paths
Swamp:3:  hangedman_swamp_ruin_wall
Swamp:4:  swamp_basic_johnstein, uniq_aizul
Spider:2: worms_lemuel
Spider:4: grunt_spider_rune_circles, uniq_bai_suzhen, uniq_kirke, uniq_louise,
          uniq_arachne
Orc:1:    nicolae_orc_crystal_geode
Orc:2:    pubby_orc_utopia, serial_shops, uniq_maurice, uniq_azrael,
          uniq_rupert, uniq_nessos
Sewer:    sewer_fruit_machine

Skill      XL: |  1  2  3  4  5  6  7  8  9 10 11 12 13 14 15 16 17 18 |
---------------+-------------------------------------------------------+-----
Long Blades    | 4 6 7 8 11 12 14 15 17 19 20 22 23 25 26 | 26.5
Fighting       | 4 5 6 8 9 10 12 13 14 15 16 17 | 17.1
Armour         | 3 4 5 6 7 9 10 11 13 14 | 14.8
Dodging        | 5 8 9 |  9.1
Shields        | 7 11 12 | 12.5

Action                   |  1- 3 |  4- 6 |  7- 9 | 10-12 | 13-15 | 16-18 || total
-------------------------+-------+-------+-------+-------+-------+-------++-------
Melee: Falchion          |    56 |    43 |   377 |   288 |       |       ||   764
       Headbutt          |    10 |    10 |    74 |   139 |   276 |   307 ||   816
       Scimitar          |       |       |       |   373 |   702 |       ||  1075
       Double sword      |       |       |       |       |   599 |  1239 ||  1838
Invok: Berserk           |     1 |     2 |     7 |    22 |    23 |    25 ||    80
       Trog's Hand       |       |       |       |       |       |     1 ||     1
Evoke: Wand              |       |       |       |       |     1 |       ||     1
  Use: Scroll            |       |     8 |     4 |    10 |    23 |     5 ||    50
       Potion            |       |       |       |     1 |     2 |    12 ||    15
 Stab: Confused          |       |       |       |       |       |     1 ||     1
  Eat: Chunk             |     1 |     6 |    18 |    25 |    57 |    35 ||   142
       Ration            |       |       |     1 |     6 |     2 |     8 ||    17
Armor: Animal skin       |    15 |     1 |       |       |       |       ||    16
       Ring mail         |       |     5 |    30 |       |       |       ||    35
       Plate armour      |       |       |   121 |   338 |   509 |   908 ||  1876
Dodge: Dodged            |    43 |    38 |   135 |   245 |   401 |   483 ||  1345
Block: Other             |       |       |    34 |    68 |   244 |    13 ||   359
       Reflection        |       |       |       |     5 |    11 |    10 ||    26
       Shield            |       |       |       |       |       |  1140 ||  1140
       Rpst.: Falchion   |    12 |    10 |    35 |    35 |       |       ||    92
       Scimitar          |       |       |       |    28 |    53 |       ||    81
       Double sword      |       |       |       |       |    41 |    86 ||   127

Table legend:
 A = Spawn XP
 B = Non-spawn XP
 C = Spawn XP percentage of total XP
 D = Spawn monster count
 E = Non-spawn monster count
 F = Spawn count percentage of total count
 G = Total turns spent on level
                    A         B        C        D         E        F      G
               +---------+---------+-------+---------+---------+-------+---------
         Total |       0 |  339700 |   0.0 |       0 |    1329 |   0.0 | 40662
               +---------+---------+-------+---------+---------+-------+---------
           D:1 |       0 |      42 |   0.0 |       0 |      27 |   0.0 |   834
           D:2 |       0 |     255 |   0.0 |       0 |      12 |   0.0 |   603
           D:3 |       0 |      67 |   0.0 |       0 |       8 |   0.0 |   827
           D:4 |       0 |     935 |   0.0 |       0 |      27 |   0.0 |  1585
           D:5 |       0 |     752 |   0.0 |       0 |      29 |   0.0 |  1361
           D:6 |       0 |    1870 |   0.0 |       0 |      28 |   0.0 |  1324
           D:7 |       0 |    2875 |   0.0 |       0 |      23 |   0.0 |  1280
           D:8 |       0 |    2169 |   0.0 |       0 |      21 |   0.0 |  1041
           D:9 |       0 |    3763 |   0.0 |       0 |      33 |   0.0 |  1272
          D:10 |       0 |    5308 |   0.0 |       0 |      41 |   0.0 |  1039
          D:11 |       0 |   13725 |   0.0 |       0 |      75 |   0.0 |  1889
          D:12 |       0 |    5858 |   0.0 |       0 |      26 |   0.0 |  1260
          D:13 |       0 |   26741 |   0.0 |       0 |     100 |   0.0 |  1535
          D:14 |       0 |   17302 |   0.0 |       0 |      46 |   0.0 |  1101
          D:15 |       0 |   13223 |   0.0 |       0 |      32 |   0.0 |   827
        Lair:1 |       0 |    4698 |   0.0 |       0 |      21 |   0.0 |  1357
        Lair:2 |       0 |    3933 |   0.0 |       0 |      15 |   0.0 |   975
        Lair:3 |       0 |    7716 |   0.0 |       0 |      41 |   0.0 |  1508
        Lair:4 |       0 |   11200 |   0.0 |       0 |      30 |   0.0 |  2421
        Lair:5 |       0 |    6834 |   0.0 |       0 |      33 |   0.0 |  1995
        Lair:6 |       0 |   23563 |   0.0 |       0 |      89 |   0.0 |  1854
       Swamp:1 |       0 |   17435 |   0.0 |       0 |      38 |   0.0 |  1644
       Swamp:2 |       0 |   11748 |   0.0 |       0 |      35 |   0.0 |   814
       Swamp:3 |       0 |   14155 |   0.0 |       0 |      31 |   0.0 |  1181
       Swamp:4 |       0 |   18584 |   0.0 |       0 |      37 |   0.0 |   511
      Spider:1 |       0 |   14447 |   0.0 |       0 |      42 |   0.0 |   651
      Spider:2 |       0 |   17598 |   0.0 |       0 |      66 |   0.0 |  1811
      Spider:3 |       0 |   22433 |   0.0 |       0 |      31 |   0.0 |  1892
      Spider:4 |       0 |   40482 |   0.0 |       0 |      92 |   0.0 |  1381
         Orc:1 |       0 |    1529 |   0.0 |       0 |      20 |   0.0 |   303
         Orc:2 |       0 |   28431 |   0.0 |       0 |     163 |   0.0 |  2300
         Sewer |       0 |      29 |   0.0 |       0 |      17 |   0.0 |   286
               +---------+---------+-------+---------+---------+-------+---------
